AoeStats
← Darkbang33

Highland

504923199Analyzed
4v4 RM · 25d ago on Sep 7, 2026· 18m 16s· 8 players
Game mode
Random Map
Map size
Large (8 player)
Population
200
Speed
Normal
Resources
Standard
Victory
Conquest
Starting age
Dark Age
Ending age
Imperial Age
RankedLock teamsTeams togetherTeam positionsShared explorationLock speedFull tech treeHidden civsTurbo modeCheats
Victory
Defeat
🇦🇷 Chinese · Argentina
1431
+12
🇦🇷 Mongols · Argentina
1334
+16
🇦🇷 Magyars · Argentina
1317
+17
🇦🇷 Tupi · Argentina
1264
+19
🇩🇪 Spanish · Germany
1400
-19
🇧🇷 Georgians · Brazil
1346
-16
🇨🇴 Gurjaras · Colombia
1315
-15
🇩🇪 Japanese · Germany
1282
-14
Darkbang33
6:53 Loom
9:32 Feudal Age
10:00 Double-Bit Axe
9:55 Horse Collar
ElEmaRnR
10:21 Feudal Age
11:40 Loom
18:32 Fletching
Pepe "Ratatata" Cuenca
10:07 Feudal Age
14:21 Castle Age
12:39 Forging
13:21 Double-Bit Axe
13:18 Horse Collar
15:04 Bloodlines
PeRe$ | Guilled
0:29 Loom
10:07 Feudal Age
11:08 Double-Bit Axe
12:06 Fletching
13:14 Horse Collar
Tacris09
7:30 Loom
10:09 Feudal Age
11:02 Horse Collar
11:09 Double-Bit Axe
17:46 Fletching
18:04 Scale Barding Armor
18:09 Forging
fux
7:30 Loom
10:18 Feudal Age
10:33 Man-at-Arms
12:17 Double-Bit Axe
13:06 Horse Collar
13:24 Fletching
l3av3x
2:05 Loom
10:59 Feudal Age
11:47 Double-Bit Axe
15:28 Scale Barding Armor
18:04 Fletching
CARRY_BERRY_JDV <3
11:18 Feudal Age
12:58 Loom
15:32 Castle Age
13:28 Horse Collar
14:10 Stone Mining
15:07 Gold Mining
15:11 Double-Bit Axe
15:45 Gold Mining
18:10 Bow Saw
Connection lost

Rejoining the realm…

Still unreachable

The connection could not be restored.

Session expired

The server has moved on; the page needs a fresh start.